 Dungeon Crawl Stone Soup version 0.22.1-5-g62c59d919a (webtiles) character file.

301 NochnoyZador the Cutter (level 6, -1/41 HPs)
             Began as an Octopode Assassin on Jan 12, 2019.
             Slain by an orc
             ... wielding a +0 short sword
              (4 damage)
             ... on level 3 of the Dungeon.
             The game lasted 00:08:40 (2755 turns).

NochnoyZador the Cutter (Octopode Assassin)         Turns: 2755, Time: 00:08:41

Health: -1/41      AC:  1    Str: 11    XL:     6   Next: 37%
Magic:  6/6        EV: 13    Int: 13    God:
Gold:   149        SH:  0    Dex: 13    Spells: 5/5 levels left

rFire    . . .     SeeInvis .   a - +2 dagger
rCold    . . .     Gourm    .   (no shield)
rNeg     . . .     Faith    .   (helmet restricted)
rPois    .         Spirit   .   (no amulet)
rElec    .         Reflect  .   g - -2 ring of strength (curse)
rCorr    .         Harm     .   (no ring)
MR       .....                  (no ring)
Stlth    ++++......             (no ring)
HPRegen  0.13/turn              (no ring)
MPRegen  0.10/turn              (no ring)
                                (no ring)
                                (no ring)

@: no status effects
A: almost no armour, stealthy swim, amphibious, 8 rings, constrict 8, camouflage
1, gelatinous body 1
a: no special abilities


You were on level 3 of the Dungeon.
You were not hungry.

You visited 1 branch of the dungeon, and saw 3 of its levels.

You collected 149 gold pieces.

Inventory:

Hand Weapons
 a - a +2 dagger (weapon)
 b - a +0 blowgun
Missiles
 c - 8 poisoned needles
 d - 2 curare-tipped needles
 e - 68 stones (quivered)
 n - 2 throwing nets
Jewellery
 g - a cursed -2 ring of strength (left tentacle)
Scrolls
 i - a scroll of teleportation
 l - a scroll of enchant armour
 m - a scroll of identify
 p - a scroll of amnesia {unknown}
Potions
 h - 2 potions of curing {unknown}
 j - a potion of heal wounds {unknown}
 o - 2 potions of degeneration {unknown}
Comestibles
 f - 6 rations
 k - 6 chunks of flesh


   Skills:
 * Level 2.4 Fighting
 * Level 6.1 Short Blades
 - Level 2.0 Throwing
 * Level 1.7 Dodging
 - Level 5.3 Stealth


You had 5 spell levels left.
You didn't know any spells.
Your spell library was empty.

Dungeon Overview and Level Annotations

Branches:
Dungeon (3/15)

Altars:


Innate Abilities, Weirdness & Mutations

You cannot wear most types of armour.
You are very stealthy in the water. (Stealth+)
You are amphibious.
You can wear up to eight rings at the same time.
You can use your tentacles to constrict eight enemies at once.
Your skin changes colour to match your surroundings (Stealth+).
Your rubbery body absorbs attacks. (AC +1, EV +1)


Message History

The orc is severely wounded.
You constrict the orc, but do no damage.
You hit the orc.
You kill the orc!
You closely miss the orc. You grab the orc. You constrict the orc.
You hit the orc.
The orc is almost dead.
You constrict the orc.
You kill the orc!
You hit the orc. Your grab misses the orc. Your squeeze misses the orc.
The orc is heavily wounded.
The orc barely misses you.
You barely miss the orc. You grab the orc.
The orc is heavily wounded.
You constrict the orc. You barely miss the orc.
The orc is severely wounded.
You constrict the orc, but do no damage.
The orc hits you with a short sword.
You die...

#....##...........
#....#..#.........
####....#.##.........
..........##.........
.##....####........[
#......###........
##..##....#.......
#...#####.....#.##
#@...)............
.....go####.######.#..#.
...>.S# ..... ...#..##
.....g #.#####..#....
..... ####...###.##.###
....# .......<...##.# #
.... ####.......##.# #
... ##.#.....##.# #
..........##.# #


You could see an orc, a hobgoblin, a goblin and a ball python.

Vanquished Creatures
  A big kobold (D:2)
  An orc priest (D:3)
  4 gnolls (D:2)
  8 adders
  A worm (D:2)
  4 dart slugs (D:1)
  2 leopard geckos
  3 orcs (D:3)
  5 giant cockroaches
  9 hobgoblins
  4 jackals (D:1)
  A quokka (D:3)
  7 bats
  4 frilled lizards (D:1)
  9 goblins
  5 kobolds
  13 rats
81 creatures vanquished.

Notes
Turn   | Place    | Note
-------+----------+-------------------------------------------
     0 | D:1      | NochnoyZador the Octopode Assassin began the quest for the
                  | Orb.
     0 | D:1      | Reached XP level 1. HP: 14/14 MP: 1/1
    53 | D:1      | Reached XP level 2. HP: 8/19 MP: 2/2
   324 | D:1      | Reached skill level 3 in Short Blades
   579 | D:1      | Reached XP level 3. HP: 6/24 MP: 3/3
  1187 | D:2      | Reached skill level 4 in Short Blades
  1332 | D:2      | Reached XP level 4. HP: 28/29 MP: 4/4
  1495 | D:2      | Reached skill level 5 in Short Blades
  1495 | D:2      | Reached XP level 5. HP: 12/34 MP: 5/5
  1768 | D:2      | Noticed a big kobold
  1781 | D:2      | Killed a big kobold
  2507 | D:2      | Reached XP level 6. HP: 36/40 MP: 6/6
  2745 | D:3      | Reached skill level 6 in Short Blades
  2748 | D:3      | HP: 2/41 [orc/falchion (3)]
  2755 | D:3      | Slain by an orc

Skill      XL: |  1  2  3  4  5  6 |
---------------+-------------------+-----
Short Blades   | 3 4 5 6 |  6.1
Fighting       | |  2.4
Throwing       | |  2.0
Dodging        | |  1.7
Stealth        | |  5.3

Action                   |  1- 3 |  4- 6 || total
-------------------------+-------+-------++-------
Melee: Dagger            |    85 |    97 ||   182
       Constrict         |    24 |    22 ||    46
       Tentacles         |    11 |    24 ||    35
  Use: Scroll            |       |     2 ||     2
 Stab: Sleeping          |     6 |     9 ||    15
       Distracted        |       |     1 ||     1
  Eat: Chunk             |     1 |     5 ||     6
Armor: Skin              |    10 |     9 ||    19
Dodge: Dodged            |    39 |    48 ||    87
